 Dungeon Crawl Stone Soup version 0.31-a0-1074-g0b22e4e0f1 (webtiles) character file.

Game seed: 6862218230888438842

332 BubbleThief the Sneak (level 6, 0/33 HPs)
             Began as a Vine Stalker Brigand on Dec 5, 2023.
             Was an Initiate of Okawaru.
             Succumbed to a scorpion's poison
             ... on level 4 of the Dungeon.
             The game lasted 00:04:25 (2205 turns).

BubbleThief the Sneak (Vine Stalker Brigand)        Turns: 2205, Time: 00:04:25

Health: 0/33       AC:  3    Str: 13    XL:     6   Next: 52%
Magic:  5/7        EV: 12    Int: 11    God:    Okawaru [......]
Gold:   141        SH:  0    Dex: 18    Spells: 5/5 levels left

rFire   . . .        a - +2 dagger
rCold   . . .        (no shield)
rNeg    . . .        b - +0 robe
rPois   .            (no helmet)
rElec   .            c - +0 cloak
rCorr   .            (no gloves)
SInv    .            (no boots)
Will    .....        k - amulet of faith
Stlth   ++++         (no ring)
HPRegen 1.05/turn    (no ring)
MPRegen 0.10/turn

%: guardian spirit, faith
@: lethally poisoned (0 -> -7)
A: fangs 2, regeneration 1, magic shield, antimagic bite, no potion heal 2
a: Renounce Religion


You were on level 4 of the Dungeon.
You worshipped Okawaru.
Okawaru was noncommittal.
You visited 1 branch of the dungeon, and saw 4 of its levels.

You collected 141 gold pieces.

Inventory:

Hand Weapons
 a - a +2 dagger (weapon)
Missiles
 d - 11 poisoned darts (quivered)
 e - 3 curare-tipped darts
Armour
 b - a +0 robe (worn)
 c - a +0 cloak (worn)
 q - a +0 buckler
Jewellery
 k - an amulet of faith (around neck)
 r - an amulet of magic regeneration
Wands
 n - a wand of flame (21)
Scrolls
 f - a scroll of vulnerability {unknown}
 h - 3 scrolls of enchant weapon {unknown}
 l - a scroll of fear {unknown}
 m - a scroll of revelation {unknown}
 o - a scroll of torment {unknown}
 t - a scroll of identify {unknown}
Potions
 g - 4 potions of heal wounds
 i - a potion of ambrosia {unknown}
 j - 2 potions of magic {unknown}
 p - a potion of invisibility {unknown}
 s - a potion of enlightenment {unknown}


   Skills:
 + Level 3.7 Fighting
 + Level 3.7 Short Blades
 - Level 1.8 Throwing
 - Level 0.9 Dodging
 + Level 6.8 Stealth


You had 5 spell levels left.
You didn't know any spells.
Your spell library contained the following spells:

 Spells                   Type           Power      Damage    Failure   Level
 Blink                    Tloc           0%         N/A       47%         2
 Sublimation of Blood     Necr           0%         N/A       47%         2
 Wereblood                Tmut           0%         N/A       47%         2
 Manifold Assault         Tloc           0%         N/A       98%         4
 Summon Lightning Spire   Summ/Air       Unusable   N/A       N/A         4
 Summon Hydra             Summ           Unusable   N/A       N/A         7
 Dragon's Call            Summ           Unusable   N/A       N/A         9

Dungeon Overview and Level Annotations

Branches:
Dungeon (4/15)
 Temple: D:4-7

Altars:
Okawaru
Trog

Shops:
D:3 =


Innate Abilities, Weirdness & Mutations

You have extremely sharp teeth.
Your natural rate of healing is unusually fast.
When hurt, damage is shared between your health and your magic reserves.
Your bite disrupts and absorbs the magic of your enemies.
Potions cannot restore your health.


Message History

You closely miss the scorpion.
The scorpion is heavily wounded.
You feel sick.
You closely miss the scorpion.
The scorpion is heavily wounded.
You feel sick. The scorpion stings you. x2
* * * LOW HITPOINT WARNING * * *
You are too injured to fight recklessly!
You are too injured to fight recklessly!
You are too injured to fight recklessly!
You are too injured to fight recklessly!
You are too injured to fight recklessly!
You are too injured to fight recklessly!
You hit the scorpion.
You bite the scorpion, but do no damage.
The scorpion is severely wounded.
You feel sick.
You closely miss the scorpion. You bite the scorpion. You drain its power.
You feel invigorated.
The scorpion is severely wounded.
You feel sick. The scorpion barely misses you.
You hit the scorpion but do no damage.
You punch the scorpion, but do no damage.
The scorpion is severely wounded.
You feel sick. The scorpion closely misses you.
You barely miss the scorpion. You bite the scorpion. You drain its power.
You feel invigorated.
The scorpion is almost dead.
You feel sick. The scorpion stings you.
* * * LOW HITPOINT WARNING * * *
You are lethally poisoned!
The scorpion poisons you!
You hit the scorpion.
You kill the scorpion!
Okawaru accepts your kill.
* * * LOW HITPOINT WARNING * * *
You feel very sick.
Unknown command.
It was a potion of heal wounds.
That seemed strangely inert.
You die...

#.# $.. #.# #.# ...#
#.# #.### ...# #.#
#####...# ....#
#.###.[.....# ....
###...........#...
#....##.......#.#+###
##.#.######.#........
#.#... ...#@#.#.##.
#.##########.#.# #..
..# . ### #### #


There were no monsters in sight!

Vanquished Creatures
  A scorpion (D:4)
  Jessica (D:2)
  Natasha (thrice) (D:2)
  An orc wizard (D:3)
  4 gnolls
  3 adders
  A worm (D:2)
  A dart slug (D:2)
  4 orcs
  10 bats
  7 endoplasms
  2 giant cockroaches
  3 goblins
  6 hobgoblins
  3 jackals (D:3)
  4 quokkas
  13 ball pythons
  3 frilled lizards
  5 kobolds
  2 rats (D:3)
77 creatures vanquished.

Notes
Turn   | Place    | Note
-------+----------+-------------------------------------------
     0 | D:1      | BubbleThief the Vine Stalker Brigand began the quest for
                  | the Orb.
     0 | D:1      | Reached XP level 1. HP: 11/11 MP: 2/2
   168 | D:1      | Reached skill level 5 in Stealth
   168 | D:1      | Reached XP level 2. HP: 15/15 MP: 3/3
   634 | D:2      | Reached XP level 3. HP: 18/18 MP: 4/4
   800 | D:1      | Reached XP level 4. HP: 10/23 MP: 2/5
  1025 | D:2      | Noticed Jessica
  1050 | D:2      | Killed Jessica
  1051 | D:2      | Reached skill level 6 in Stealth
  1051 | D:2      | Reached XP level 5. HP: 7/28 MP: 3/6
  1127 | D:2      | Noticed Natasha
  1143 | D:2      | Killed Natasha
  1228 | D:2      | Noticed Natasha
  1238 | D:2      | Killed Natasha
  1325 | D:2      | Noticed Natasha
  1338 | D:2      | Killed Natasha
  1416 | D:3      | Found an iron altar of Okawaru.
  1453 | D:3      | Became a worshipper of Warmaster Okawaru
  1530 | D:3      | Found Sym Xeer's Jewellery Shop.
  1596 | D:3      | Reached XP level 6. HP: 32/32 MP: 7/7
  1609 | D:3      | Got the Parchment of Hyperbolic Creation
  1746 | D:3      | Found a bloodstained altar of Trog.
  2205 | D:4      | Succumbed to a scorpion's poison

Illustrated notes

Levels and vault maps discovered:
D:1:      nzn_arrival_depleted_hourglass, layout_basic
D:2:      layout_rooms, minmay_statues_item, dreamdust_princess_bridge,
          corner_web_ring, minmay_misc_feat_tower, uniq_jessica, uniq_natasha
D:3:      layout_loops_ring, trog_three_pillars_becter, okawaru_gym_becter,
          serial_shops, nicolae_shop_rolling_square
D:4:      layout_basic, nicolae_overflow_two_pavilions

Skill      XL: |  1  2  3  4  5 |
---------------+----------------+-----
Fighting       | 2 3 |  3.7
Short Blades   | 2 3 |  3.7
Stealth        | 5 6 |  6.8
Throwing       | |  1.8
Dodging        | |  0.9

Action                     |  1- 3 |  4- 6 || total
---------------------------+-------+-------++-------
  Melee: Dagger            |    94 |   159 ||   253
         Bite              |    15 |    38 ||    53
         Punch             |     1 |     3 ||     4
  Throw: Dart              |       |     3 ||     3
    Use: Potion            |       |     1 ||     1
   Stab: Sleeping          |     9 |    13 ||    22
 Armour: Robe              |    33 |    68 ||   101
  Dodge: Dodged            |    58 |    81 ||   139

Table legend: (Time is in decaauts)
 A = Elapsed time spent in this place.
 B = Non-inter-level travel time spent in this place.
 C = Inter-level travel time spent in this place.
 D = Time resting spent in this place.
 E = Time spent auto-exploring this place.
 F = Levels seen in this place.
 G = Mean time per level.
                   A        B        C        D        E       F      G
               +--------+--------+--------+--------+--------+-----+--------+
         Total |   2168 |   2067 |    101 |      0 |   1519 |   4 |  542.0 |
       Dungeon |   2168 |   2067 |    101 |      0 |   1519 |   4 |  542.0 |
               +--------+--------+--------+--------+--------+-----+--------+

Top non-repeatable levels by time:
     D:2: 724 daAuts
     D:3: 682 daAuts
     D:1: 645 daAuts
     D:4: 115 daAuts
